 Dungeon Crawl Stone Soup version 0.31-a0-691-g409c26aa35 (webtiles) character file.

Game seed: 3056265343690446577

35534 javelincjr the Fighter (level 13, 0/106 HPs)
             Began as a Demonspawn Fighter on Sept 6, 2023.
             Was the Champion of Okawaru.
             Slain by cforsyth's ghost (26 damage)
             ... on level 3 of the Lair of Beasts.
             The game lasted 01:00:51 (15978 turns).

javelincjr the Fighter (Demonspawn Fighter)        Turns: 15978, Time: 01:00:52

Health: 0/106      AC: 36    Str: 21    XL:     13   Next: 48%
Magic:  19/20      EV: 16    Int:  9    God:    Okawaru [******]
Gold:   1058       SH: 29    Dex: 26    Spells: 12/12 levels left

rFire   . . .        b - +11 hand cannon of Truncation {drain, rPois Stlth+}
rCold   + . .        P - +3 tower shield of the Ward {rC+ Str+2 Dex+2}
rNeg    . . .        z - +18 Lear's hauberk
rPois   +            (helmet currently unavailable)
rElec   .            K - +0 cloak
rCorr   .            (gloves currently unavailable)
SInv    .            (boots currently unavailable)
Will    .....        L - amulet of the acrobat
Stlth   +            n - +6 ring of dexterity
HPRegen 0.37/turn    Z - +4 ring of slaying
MPRegen 0.17/turn

%: acrobat
@: about to teleport, heroic, contaminated, glowing
A: claws 2, slimy green scales 2, (demonic guardian 2), condensation shield,
hooves 1, agile 1, poison resistance
a: Renounce Religion, Heroism, Finesse, Duel


You were on level 3 of the Lair of Beasts.
You worshipped Okawaru.
Okawaru was exalted by your worship.
You visited 3 branches of the dungeon, and saw 16 of its levels.
You also visited: Sewer and Ice Cave.

You collected 1058 gold pieces.

Inventory:

Hand Weapons
 a - a +3 heavy trident
 b - the +11 hand cannon of Truncation (weapon) {drain, rPois Stlth+}
   (Okawaru gifted it to you on level 2 of the Lair of Beasts)

   rPois:     It protects you from poison Stlth+: It makes you more stealthy.
 q - the +4 lajatang of Wrath {vamp, rN+ Str+4}
   (Okawaru gifted it to you on level 3 of the Lair of Beasts)

   Str+4:     It affects your strength (+4).
   rN+:       It protects you from negative energy.
 M - a +3 spear of venom
Missiles
 e - 3 throwing nets
 h - 54 poisoned darts
 y - 8 boomerangs
 B - 2 curare-tipped darts
Armour
 f - a +2 chain mail
 s - +0 steam dragon scales
 z - the +18 Lear's hauberk (worn)
   (You found it on level 6 of the Dungeon)
 A - the -2 pair of gloves "Laphaqe" {rPois rCorr MP+9 Str-2}
   (You found it on level 6 of the Dungeon)

   Str-2:     It affects your strength (-2).
   rPois:     It protects you from poison MP+9: It affects your magic capacity
   (+9).
   rCorr:     It protects you from acid and corrosion.
 F - +0 acid dragon scales
 G - a +3 scale mail of poison resistance
 K - a +0 cloak (worn)
 P - the +3 tower shield of the Ward (worn) {rC+ Str+2 Dex+2}
   (Okawaru gifted it to you on level 11 of the Dungeon)

   Str+2:     It affects your strength (+2).
   Dex+2:     It affects your dexterity (+2).
   rC+:       It protects you from cold.
 T - a +1 crystal plate armour of cold resistance
 V - a +1 kite shield of cold resistance
 X - the +0 ring mail "Imimpach" {*Corrode Will- Str+5 Int+3}
   (You found it in an ice cave)

   Str+5:     It affects your strength (+5).
   Int+3:     It affects your intelligence (+3).
   Will-:     It decreases your willpower.
   *Corrode:  It may corrode you when you take damage.
Jewellery
 n - a +6 ring of dexterity (left claw)
 t - a +5 ring of evasion
 J - a ring of protection from cold
 L - an amulet of the acrobat (around neck)
 Z - a +4 ring of slaying (right claw)
Wands
 c - a wand of mindburst (5)
 j - a wand of polymorph (26)
 k - a wand of iceblast (15)
 o - a wand of flame (31)
 N - a wand of acid (6)
Scrolls
 l - 2 scrolls of blinking
 m - 4 scrolls of teleportation
 p - 2 scrolls of vulnerability
 u - 5 scrolls of fear
 w - a scroll of amnesia
 C - a scroll of poison
 H - 3 scrolls of noise
 O - a scroll of revelation
 U - a scroll of immolation
 W - 2 scrolls of fog
Potions
 d - 5 potions of might
 g - a potion of magic
 i - 2 potions of berserk rage
 r - a potion of invisibility
 v - 5 potions of haste
 x - 4 potions of lignification
 D - 3 potions of attraction
 E - 2 potions of ambrosia
 I - a potion of heal wounds
 Q - 2 potions of enlightenment
 R - 2 potions of brilliance {unknown}
 S - a potion of mutation
 Y - 5 potions of curing


   Skills:
 + Level 11.2(16.2) Fighting
 + Level 10.1(15.1) Polearms
 + Level 2.4(7.4) Ranged Weapons
 + Level 10.3(15.3) Armour
 + Level 7.0(12.0) Dodging
 + Level 10.1(15.1) Shields
 + Level 9.7 Invocations


You had 12 spell levels left.
You didn't know any spells.
Your spell library contained the following spells:

 Spells                   Type           Power      Damage    Failure   Level
 Magic Dart               Conj           0%         1d3       99%         1
 Scorch                   Fire           0%         2d5       100%        2
 Searing Ray              Conj           0%         2d4       100%        2
 Dazzling Flash           Conj/Hex       0%         N/A       100%        3
 Frozen Ramparts          Ice            0%         1d1       100%        3
 Gell's Gravitas          Tloc           0%         N/A       100%        3
 Mephitic Cloud           Conj/Pois/Air  0%         N/A       100%        3
 Ozocubu's Armour         Ice            0%         N/A       100%        3
 Stone Arrow              Conj/Erth      0%         3d7       100%        3
 Teleport Other           Tloc           0%         N/A       100%        3
 Volatile Blastmotes      Fire/Tloc      0%         2d10      100%        3
 Anguish                  Hex/Necr       0%         N/A       100%        4
 Cause Fear               Hex            0%         N/A       100%        4
 Flame Wave               Conj/Fire      0%         2d4       100%        4
 Fulminant Prism          Conj/Hex       0%         3d5       100%        4
 Iskenderun's Mystic Bla  Conj/Tloc      0%         2d3       100%        4
 Petrify                  Tmut/Erth      0%         N/A       100%        4
 Agony                    Necr           0%         N/A       100%        5
 Fireball                 Conj/Fire      0%         3d3       100%        5
 Metabolic Englaciation   Hex/Ice        0%         N/A       100%        5
 Silence                  Hex/Air        0%         N/A       100%        5
 Dispersal                Tloc           0%         N/A       100%        6
 Lehudib's Crystal Spear  Conj/Erth      0%         10d2      100%        8
 Maxwell's Capacitive Co  Air            0%         ∞         100%        8
 Animate Armour           Summ/Erth      Unusable   N/A       N/A         4
 Summon Lightning Spire   Summ/Air       Unusable   N/A       N/A         4
 Simulacrum               Ice/Necr       Unusable   N/A       N/A         6
 Summon Cactus Giant      Summ           Unusable   N/A       N/A         6
 Dragon's Call            Summ           Unusable   N/A       N/A         9

Dungeon Overview and Level Annotations

Branches:
Dungeon (12/15)            Temple (1/1) D:4            Lair (3/5) D:8
  Swamp (0/4) Lair:2        Snake (0/4) Lair:2          Orc (0/2) D:9
  Sewer (visited)           IceCv (visited)

Altars:
Ashenzari
Cheibriados
Dithmenos
Fedhas
Gozag
Hepliaklqana
Kikubaaqudgha
Makhleb
Nemelex Xobeh
Okawaru
Qazlal
Ru
Sif Muna
Trog
Uskayaw
Vehumet
Wu Jian
Xom
Yredelemnul

Annotations:
Lair:3 cforsyth's ghost, adept GnAr


Innate Abilities, Weirdness & Mutations

You have very sharp fingernails.
You are mostly covered in slimy green scales. (AC +3)
((A demonic guardian rushes to your aid.))
A meltable shield of frost defends you. (SH +4)
You have large cloven feet.
You are agile. (Dex +4, Str/Int -1)
Your system is resistant to poisons. (rPois)


Message History

You block the four-headed hydra's attack.
The four-headed hydra closely misses you.
The four-headed hydra bites you but does no damage.
You shoot a bolt. The bolt hits the four-headed hydra!
You kill the four-headed hydra!
Okawaru is honoured by your kill.
Your Dodging skill increases to level 7!
No target in view!
You see here 5 stones.
There is a stone staircase leading down here.
Cforsyth's ghost turns its malevolent gaze towards you.
Cforsyth's ghost shouts, "I was like you once."
Cforsyth's ghost grins evilly.
Cforsyth's ghost stares at you.
You gain the combat prowess of a mighty hero.
You open the door. You shoot a bolt. The bolt hits cforsyth's ghost!!
Cforsyth's ghost is lightly damaged.
Cforsyth's ghost gestures wildly while chanting.
Cforsyth's ghost erupts in a fountain of uncontrolled magic!
You are blasted with magical radiation!!
You are very lightly contaminated with residual magic.
Cforsyth's ghost casts a spell.
Cforsyth's ghost erupts in a fountain of uncontrolled magic!
You are blasted with magical radiation!!!
You are lightly contaminated with residual magic.
As you read the scroll of teleportation, it crumbles to dust.
You feel strangely unstable.
Cforsyth's ghost casts a spell.
Cforsyth's ghost erupts in a fountain of uncontrolled magic!
You are blasted with magical radiation!
* * * LOW HITPOINT WARNING * * *
You are contaminated with residual magic.
You are too injured to fight recklessly!
You shoot a bolt. The bolt hits cforsyth's ghost.
Cforsyth's ghost is lightly damaged.
Cforsyth's ghost mumbles some strange words.
Cforsyth's ghost erupts in a fountain of uncontrolled magic!
You are blasted with magical radiation!!
You die...

.#####.....###...#.P............#
## #....## #...####...(.......#
.# #.....# ##..# #...........#
P#####....####...####...........#
##..#...<.##..#...##............#
.................##.#...........#
###^#..........§.................
# ####........§.§§.##............
# #.........§.@...#...#####...#
### #..........#W#.....#####P....
#.###.........##.##..............
.............##...##.............
............##.....##............
............#⌠.!♣?.⌠#............
#...###.....##..!..##..##.#..##..
##### #.##...##...##....#######..
# #####...##⌠##...### ##.


You could see cforsyth's ghost.

Vanquished Creatures
  A hydra (Lair:3)
  A boulder beetle (Lair:3)
  3 two-headed ogres
  Urug (D:12)
  4 skeletal warriors (D:9)
  2 bog bodies (IceCv)
  A lindwurm (Lair:3)
  A salamander (Lair:2)
  A cyclops (D:12)
  Maurice (D:10)
  3 black mambas
  3 slime creatures (D:11)
  An ice statue (IceCv)
  A torpor snail (Lair:2)
  7 cane toads
  4 kobold demonologists
  An ice devil (IceCv)
  10 komodo dragons
  2 anaconda simulacra (IceCv)
  A queen bee (D:10)
  6 trolls
  A hornet (D:9)
  17 blink frogs
  2 dream sheep (Lair:2)
  2 wraiths
  A shadow (D:11)
  A dire elephant simulacrum (IceCv)
  5 wyverns
  A vampire (D:9)
  A steam dragon (D:6)
  9 yaks
  A basilisk (Lair:3)
  A death yak simulacrum (IceCv)
  6 vampire mosquitoes (D:12)
  A hydra simulacrum (IceCv)
  3 nagas (Lair:2)
  10 water moccasins
  3 acid dragons
  A black bear (Lair:1)
  2 sky beasts (D:7)
  2 ogres
  6 wolves
  A phantom (D:4)
  2 centaurs
  8 kobold brigands
  3 gnoll sergeants
  11 bullfrogs
  6 scorpions
  A cane toad simulacrum (IceCv)
  9 two-headed ogre simulacra (IceCv)
  5 wights (D:10)
  28 killer bees
  A howler monkey (D:10)
  6 electric eels (D:8)
  3 jellies
  A sleepcap (D:4)
  9 hounds
  3 orc priests
  4 gnoll boudas
  4 iguanas
  9 orc wizards
  3 polar bear simulacra (IceCv)
  5 spriggan simulacra (IceCv)
  4 troll simulacra (IceCv)
  2 wolf simulacra (IceCv)
  37 gnolls
  3 river rats
  6 adders
  7 naga simulacra (IceCv)
  A shadow imp (D:7)
  20 white imps
  5 ufetubi
  5 worms
  33 orcs
  7 bats
  10 endoplasms
  6 giant cockroaches
  8 hobgoblins
  6 jackals
  6 quokkas
  6 ball pythons
  12 frilled lizards
  5 goblins
  21 kobolds
  7 rats
470 creatures vanquished.

Vanquished Creatures (collateral kills)
  Sigmund (D:2)
1 creature vanquished.

Grand Total: 471 creatures vanquished

Notes
Turn   | Place    | Note
-------+----------+-------------------------------------------
     0 | D:1      | javelincjr the Demonspawn Fighter began the quest for the
                  | Orb.
     0 | D:1      | Reached XP level 1. HP: 18/18 MP: 1/1
   249 | D:1      | Gained mutation: A weak demonic guardian rushes to your
                  | aid. [demonic ancestry]
   249 | D:1      | Reached XP level 2. HP: 24/24 MP: 2/2
   256 | D:1      | Found a faded altar of an unknown god.
   629 | D:2      | Noticed Sigmund
   637 | D:2      | Killed Sigmund
   638 | D:2      | Reached XP level 3. HP: 22/30 MP: 3/3
   638 | D:2      | Reached XP level 4. HP: 27/37 MP: 4/4
   638 | D:2      | Gained mutation: A meltable shield of frost defends you.
                  | (SH +4) [demonic ancestry]
   638 | D:2      | Reached XP level 5. HP: 31/42 MP: 5/5
   729 | D:2      | Reached skill level 4 in Fighting
   747 | D:2      | Got Jyeceyra's Treatise on the Spectral Nimbus
  1441 | D:3      | Found an iron altar of Okawaru.
  2230 | D:3      | Became a worshipper of Warmaster Okawaru
  2248 | D:4      | Gained mutation: You have sharp fingernails. [demonic
                  | ancestry]
  2248 | D:4      | Reached XP level 6. HP: 48/48 MP: 6/6
  2347 | D:4      | Found a glowing drain.
  2390 | Sewer    | Entered a sewer
  3076 | Sewer    | Gained mutation: You are agile. (Dex +4, Str/Int -1)
                  | [potion of mutation]
  3076 | Sewer    | Gained mutation: You have large cloven feet. [potion of
                  | mutation]
  3076 | Sewer    | Gained mutation: Your system is resistant to poisons.
                  | (rPois) [potion of mutation]
  3111 | Sewer    | Reached skill level 6 in Fighting
  3111 | Sewer    | Reached skill level 5 in Polearms
  3111 | Sewer    | Reached XP level 7. HP: 59/59 MP: 6/11
  3324 | D:4      | Reached XP level 8. HP: 62/65 MP: 12/12
  3384 | D:4      | Reached * piety under Okawaru
  3385 | D:4      | Reached skill level 7 in Fighting
  3460 | D:4      | Found a staircase to the Ecumenical Temple.
  3480 | Temple   | Entered the Ecumenical Temple
  3733 | D:4      | Found an ornate altar of the Wu Jian Council.
  3972 | D:5      | Entered Level 5 of the Dungeon
  4384 | D:5      | Found a sparkling altar of Nemelex Xobeh.
  5027 | D:6      | Reached ** piety under Okawaru
  5164 | D:6      | Gained mutation: You are partially covered in slimy green
                  | scales. (AC +2) [demonic ancestry]
  5164 | D:6      | Reached XP level 9. HP: 23/72 MP: 13/13
  5386 | D:6      | Noticed a troll
  5393 | D:6      | Killed a troll
  5455 | D:6      | Found the +18 Lear's hauberk
  5494 | D:6      | Got the -2 pair of gloves "Laphaqe" {rPois rCorr MP+9
                  | Str-2}
  5816 | D:6      | Found a radiant altar of Vehumet.
  6443 | D:7      | Found a sacrificial altar of Ru.
  6978 | D:8      | Reached *** piety under Okawaru
  6982 | D:8      | Reached skill level 8 in Fighting
  7042 | D:8      | Gained mutation: You are mostly covered in slimy green
                  | scales. (AC +3) [demonic ancestry]
  7042 | D:8      | Reached XP level 10. HP: 48/80 MP: 14/14
  7344 | D:8      | Reached **** piety under Okawaru
  7445 | D:8      | Found a staircase to the Lair.
  8432 | D:9      | Noticed a two-headed ogre
  8440 | D:9      | Killed a two-headed ogre
  8479 | D:9      | Found a broken altar of Ashenzari.
  8643 | D:9      | Found an opulent altar of Gozag.
  8754 | D:9      | Noticed a skeletal warrior
  8765 | D:9      | Killed a skeletal warrior
  8770 | D:9      | Noticed a skeletal warrior
  8780 | D:9      | Killed a skeletal warrior
  8780 | D:9      | Reached ***** piety under Okawaru
  8829 | D:9      | Noticed a skeletal warrior
  8829 | D:9      | Noticed a skeletal warrior
  8845 | D:9      | Killed a skeletal warrior
  8845 | D:9      | Received a gift from Okawaru
  8857 | D:9      | Killed a skeletal warrior
  8858 | D:9      | Reached skill level 9 in Fighting
  8858 | D:9      | Gained mutation: A demonic guardian rushes to your aid.
                  | [demonic ancestry]
  8858 | D:9      | Reached XP level 11. HP: 53/89 MP: 15/15
  9203 | D:9      | Found a staircase to the Orcish Mines.
  9507 | D:10     | Entered Level 10 of the Dungeon
  9514 | D:10     | Noticed Maurice
  9524 | D:10     | Killed Maurice
  9744 | D:10     | Received a gift from Okawaru
 10547 | D:11     | Noticed a soul eater
 10549 | D:11     | Noticed a two-headed ogre
 10576 | D:11     | Killed a two-headed ogre
 10739 | D:11     | Noticed a two-headed ogre
 10760 | D:11     | Killed a two-headed ogre
 10760 | D:11     | Identified the +3 tower shield of the Ward {rC+ Str+2
                  | Dex+2} (Okawaru gifted it to you on level 11 of the
                  | Dungeon)
 10760 | D:11     | Received a gift from Okawaru
 10834 | D:11     | Found a frozen archway.
 10956 | IceCv    | Entered an ice cave
 10986 | IceCv    | Reached skill level 5 in Dodging
 11148 | IceCv    | Reached skill level 10 in Fighting
 11364 | IceCv    | Gained mutation: You have very sharp fingernails. [demonic
                  | ancestry]
 11364 | IceCv    | Reached XP level 12. HP: 54/97 MP: 17/17
 11910 | IceCv    | Identified the +0 ring mail "Imimpach" {*Corrode Will-
                  | Str+5 Int+3}
 12404 | D:12     | Noticed Urug
 12449 | D:12     | Killed Urug
 13121 | Lair:1   | Entered Level 1 of the Lair of Beasts
 13653 | Lair:1   | Reached ****** piety under Okawaru
 13857 | Lair:2   | Identified the +11 hand cannon of Truncation {drain, rPois
                  | Stlth+} (Okawaru gifted it to you on level 2 of the Lair of
                  | Beasts)
 13857 | Lair:2   | Received a gift from Okawaru
 13905 | Lair:2   | Reached XP level 13. HP: 66/105 MP: 19/19
 13908 | Lair:2   | Reached skill level 10 in Armour
 14042 | Lair:2   | Found a staircase to the Swamp.
 14100 | Lair:2   | Reached skill level 1 in Ranged Weapons
 14306 | Lair:2   | Found a staircase to the Snake Pit.
 14456 | Lair:2   | Reached skill level 11 in Fighting
 14872 | Lair:3   | Found a runed translucent door.
 14872 | Lair:3   | Noticed cforsyth's ghost (adept GnAr)
 14961 | Lair:3   | Reached skill level 10 in Shields
 15043 | Lair:3   | Reached skill level 10 in Polearms
 15267 | Lair:3   | Identified the +4 lajatang of Wrath {vamp, rN+ Str+4}
                  | (Okawaru gifted it to you on level 3 of the Lair of Beasts)
 15267 | Lair:3   | Received a gift from Okawaru
 15978 | Lair:3   | Slain by cforsyth's ghost

Illustrated notes

Levels and vault maps discovered:
D:1:      lemuel_arrival_room, layout_loops_ring,
          hellmonk_ecumenical_altar_arch_garden
D:2:      layout_basic, uniq_sigmund
D:3:      layout_loops_ring, mainiacjoe_overflow_catwalk,
          kennysheep_generic_room_12
D:4:      wander_river, layout_loops_ring, nicolae_wu_jian_immortal_techniques,
          minmay_temple_entry_drinking_statues, portal_sewer_entry_b,
          eino_small_chamber_without_monster, minivault_24
D:5:      layout_basic, nicolae_overflow_two_pavilions, minmay_lizard_king
D:6:      layout_basic, general_overflow_altar, hellmonk_guarded_unrand_lears
D:7:      layout_basic, lemuel_doored_altar, nicolae_ru_great_annihilating_truth
D:8:      layout_cave_pods, erik_lair_island
D:9:      layout_basic, lemuel_tele_altar,
          nicolae_gozag_cash_rules_everything_around_me
D:10:     layout_roguey, minivault_21, nicolae_looking_at_the_future,
          uniq_maurice
D:11:     layout_rooms, portal_ice_cave_entry_imps
D:12:     layout_cave_pools, uniq_urug
Temple:   nicolae_temple_figure_eight
Lair:1:   layout_hall_layers
Lair:2:   layout_chaotic_city, swamp_mist_pool, alex1729_snake_entry_snake,
          beast_lair_carwin_7
Lair:3:   layout_small_grid, hellmonk_ghost_happy_afterlife

Skill      XL: |  1  2  3  4  5  6  7  8  9 10 11 12 13 |
---------------+----------------------------------------+-----
Polearms       | 2 3 5 6 7 8 9 10 | 10.1
Armour         | 3 6 7 8 9 10 | 10.3
Shields        | 3 6 7 8 9 10 | 10.1
Fighting       | 4 6 7 8 9 10 11 | 11.2
Dodging        | 4 5 6 7 |  7.0
Invocations    | 6 7 9 |  9.7
Ranged Weapons | 2 |  2.4

Action                     |  1- 3 |  4- 6 |  7- 9 | 10-12 | 13-15 || total
---------------------------+-------+-------+-------+-------+-------++-------
  Melee: Trident           |    33 |   303 |   302 |   494 |    18 ||  1150
         Punch             |       |     5 |     3 |       |       ||     8
         Kick              |       |       |    70 |   420 |     5 ||   495
         Spear             |       |       |       |   637 |       ||   637
   Fire: Hand cannon       |       |       |       |    14 |   125 ||   139
  Throw: Dart              |       |       |       |     7 |       ||     7
 Invoke: Heroism           |       |       |     1 |     3 |     1 ||     5
  Evoke: Wand              |       |       |       |     2 |       ||     2
    Use: Potion            |       |     6 |     1 |       |       ||     7
         Scroll            |       |       |    12 |    10 |     3 ||    25
   Stab: Paralysed         |       |       |     2 |       |       ||     2
 Armour: Chain mail        |    14 |   137 |   150 |   525 |    65 ||   891
  Dodge: Dodged            |     4 |   103 |   254 |   487 |    36 ||   884
  Block: Buckler           |     4 |    63 |   108 |   302 |       ||   477
         Other             |       |    15 |    28 |       |       ||    43
         Tower shield      |       |       |       |   646 |   133 ||   779

Table legend: (Time is in decaauts)
 A = Elapsed time spent in this place.
 B = Non-inter-level travel time spent in this place.
 C = Inter-level travel time spent in this place.
 D = Time resting spent in this place.
 E = Time spent auto-exploring this place.
 F = Levels seen in this place.
 G = Mean time per level.
                   A        B        C        D        E       F      G
               +--------+--------+--------+--------+--------+-----+--------+
         Total |  16591 |  16059 |    532 |    466 |  11277 |  18 |  921.7 |
       Dungeon |  11258 |  10790 |    468 |    194 |   7830 |  12 |  938.2 |
        Temple |     23 |      5 |     18 |      0 |      0 |   1 |   23.0 |
          Lair |   3095 |   3050 |     45 |      0 |   2387 |   3 | 1031.7 |
         Sewer |   1005 |   1005 |      0 |    158 |    454 |   1 | 1005.0 |
      Ice Cave |   1208 |   1208 |      0 |    114 |    605 |   1 | 1208.0 |
               +--------+--------+--------+--------+--------+-----+--------+

Top non-repeatable levels by time:
     D:8: 1649 daAuts
   IceCv: 1208 daAuts
     D:9: 1181 daAuts
  Lair:3: 1177 daAuts
  Lair:2: 1155 daAuts
     D:5: 1084 daAuts
     D:6: 1050 daAuts
   Sewer: 1005 daAuts
    D:10: 984 daAuts
     D:4: 871 daAuts
     D:3: 870 daAuts
     D:7: 842 daAuts
     D:2: 803 daAuts
  Lair:1: 762 daAuts
    D:11: 670 daAuts
